 Dungeon Crawl Stone Soup version 0.23-a0-356-g1757c6e (webtiles) character file.

123 vierth the Sneak (level 4, -1/21 HPs)
             Began as a Spriggan Enchanter on Oct 21, 2018.
             Slain by an ooze (3 damage)
             ... on level 3 of the Dungeon.
             The game lasted 00:09:19 (2954 turns).

vierth the Sneak (Spriggan Enchanter)               Turns: 2954, Time: 00:09:20

Health: -1/21      AC:  2    Str:  4    XL:     4   Next: 79%
Magic:  10/11      EV: 18    Int: 17    God:
Gold:   68         SH:  0    Dex: 16    Spells: 8/11 levels left

rFire    . . .     SeeInvis +   m - +0 dagger (speed)
rCold    . . .     Gourm    .   (shield restricted)
rNeg     . . .     Faith    .   b - +0 robe
rPois    .         Spirit   .   (helmet restricted)
rElec    .         Reflect  .   (no cloak)
rCorr    .         Harm     .   (gloves unavailable)
MR       .....                  (boots unavailable)
Stlth    +++.......             (no amulet)
HPRegen  0.07/turn              (no ring)
MPRegen  0.12/turn              (no ring)

@: very quick
A: very small, unfitting armour, see invisible, herbivore, speed 3, slow
metabolism 2
a: no special abilities


You were on level 3 of the Dungeon.
You were not hungry.

You visited 1 branch of the dungeon, and saw 3 of its levels.

You collected 68 gold pieces.

Inventory:

Hand Weapons
 a - a +1 dagger
 m - a +0 dagger of speed (weapon)
Armour
 b - a +0 robe (worn)
Wands
 o - a wand of iceblast (7)
Scrolls
 j - a scroll of identify
 k - a scroll of enchant weapon {unknown}
 l - a scroll of blinking {unknown}
 n - a scroll of noise {unknown}
Potions
 c - a potion of might {unknown}
 e - 2 potions of ambrosia {unknown}
 h - a potion of haste {unknown}
Comestibles
 d - 2 rations


   Skills:
 + Level 4.0 Short Blades
 - Level 3.0 Dodging
 - Level 4.4 Stealth
 + Level 4.4 Spellcasting
 - Level 3.6 Hexes


You had 8 spell levels left.
You knew the following spells:

 Your Spells              Type           Power        Failure   Level  Hunger
a - Corona                Hex            ###....      3%          1    None
b - Ensorcelled Hibernat  Hex/Ice        #.....       11%         2    ##.....

Your spell library contained the following spells:

 Spells                   Type           Power        Failure   Level  Hunger
 Confuse                  Hex            ###.....     11%         3    ###....
 Tukima's Dance           Hex            ###.....     11%         3    ###....
 Dazzling Spray           Conj/Hex       #.....       22%         3    ###....


Dungeon Overview and Level Annotations

Branches:
Dungeon (3/15)

Altars:
Ru
Sif Muna


Innate Abilities, Weirdness & Mutations

You are very small and have problems with some larger weapons.
You are too small for most types of armour.
You have supernaturally acute eyesight. (SInv)
You are a herbivore.
You cover ground extremely quickly.
You need to consume almost no food.


Message History

The goblin is moderately wounded.
The goblin barely misses you.
You hit the goblin but do no damage.
The goblin is moderately wounded.
The ooze hits you.
* * * LOW HITPOINT WARNING * * *
You closely miss the goblin.
The goblin is moderately wounded.
The goblin barely misses you.
You barely miss the goblin.
The goblin is moderately wounded.
The ooze hits you.
* * * LOW HITPOINT WARNING * * *
You hit the goblin but do no damage.
The goblin is moderately wounded.
The goblin misses you.
You hit the goblin but do no damage.
The goblin is moderately wounded.
The ooze hits you.
You die...

...# ...# # ... #.
##.. #.. #.. .. #.#
### #
###+#.##J#####<#..#
......g@..).......#
###.#.##.##########
# #.... #..#.#
....... ## .#...
..# +. ..#+##.#.#
#. .. . .# ###.
#...


You could see an ooze and a goblin.

Vanquished Creatures
  Natasha (thrice) (D:2)
  An adder (D:3)
  2 worms (D:2)
  A giant cockroach (D:2)
  4 hobgoblins
  3 jackals (D:2)
  3 kobolds
  A ball python (D:1)
  3 bats
  4 frilled lizards
  6 goblins
  8 rats
39 creatures vanquished.

Notes
Turn   | Place    | Note
-------+----------+-------------------------------------------
     0 | D:1      | vierth the Spriggan Enchanter began the quest for the Orb.
     0 | D:1      | Reached XP level 1. HP: 9/9 MP: 5/5
   510 | D:1      | Reached XP level 2. HP: 8/13 MP: 6/6
   674 | D:1      | Learned a level 2 spell: Ensorcelled Hibernation
  1889 | D:2      | Reached XP level 3. HP: 9/16 MP: 1/8
  2051 | D:2      | Found a deep blue altar of Sif Muna.
  2138 | D:2      | Noticed Natasha
  2154 | D:2      | Killed Natasha
  2369 | D:2      | Noticed Natasha
  2382 | D:2      | Killed Natasha
  2382 | D:2      | Reached XP level 4. HP: 21/21 MP: 6/11
  2585 | D:2      | Found a sacrificial altar of Ru.
  2712 | D:2      | Noticed Natasha
  2725 | D:2      | Killed Natasha
  2954 | D:3      | Slain by an ooze

Vault maps used:
D:1:      nicolae_arrival_memento_mori
D:2:      led_sif_pool, nicolae_ru_the_path_less_chosen, uniq_natasha
D:3:      minmay_goblin_kobold_house

Skill      XL: |  1  2  3  4 |
---------------+-------------+-----
Short Blades   | 2 3 4 |  4.0
Spellcasting   | 3 4 |  4.4
Dodging        | |  3.0
Stealth        | |  4.4
Hexes          | |  3.6

Action                   |  1- 3 |  4- 6 || total
-------------------------+-------+-------++-------
Melee: Dagger            |   165 |    71 ||   236
 Cast: Ensorcelled Hiber |    11 |     8 ||    19
  Use: Scroll            |       |     3 ||     3
 Stab: Sleeping          |    10 |     4 ||    14
  Eat: Ration            |       |     1 ||     1
Armor: Robe              |    11 |     2 ||    13
Dodge: Dodged            |   120 |    38 ||   158

Table legend:
 A = Non-vault XP
 B = Vault XP
 C = Vault XP percentage of total XP
 D = Non-vault monster count
 E = Vault monster count
 F = Vault count percentage of total count
                 A         B        C        D         E       F
            +---------+---------+-------+---------+---------+-------
      Total |     143 |      33 |  18.8 |      38 |       1 |   2.6
            +---------+---------+-------+---------+---------+-------
        D:1 |      17 |       0 |   0.0 |      14 |       0 |   0.0
        D:2 |     109 |      33 |  23.2 |      21 |       1 |   4.5
        D:3 |      17 |       0 |   0.0 |       3 |       0 |   0.0
            +---------+---------+-------+---------+---------+-------
